 Dungeon Crawl Stone Soup version 0.25.0-1-g7eea58d2a3 (webtiles) character file.

Game seed: 3636772622332063967

52 Esekla the Magician (level 3, 0/39 HPs)
             Began as a Barachi Wizard on June 15, 2020.
             Slain by an adder (2 damage)
             ... on level 3 of the Dungeon.
             The game lasted 00:13:49 (1957 turns).

Esekla the Magician (Barachi Wizard)                Turns: 1957, Time: 00:13:50

Health: 0/39       AC:  3    Str:  6 (8)  XL:     3   Next: 85%
Magic:  4/8        EV: 12    Int: 17 (19) God:
Gold:   47         SH:  0    Dex:  8 (10) Spells: 3/9 levels left

rFire    + . .     SeeInvis .   v - +1 dagger (venom)
rCold    . . .     Gourm    .   (no shield)
rNeg     . . .     Faith    .   a - +0 robe
rPois    .         Spirit   .   b - +0 hat
rElec    .         Reflect  .   j - +0 cloak
rCorr    .         Harm     .   (no gloves)
MR       .....                  (no boots)
Stlth    ..........             (no amulet)
HPRegen  0.13/turn              o - ring of protection from fire
MPRegen  0.11/turn              (no ring)

@: brilliant, berserking, can't hop, quick
A: +LOS, swims, slowness 1, strong legs 1
a: Hop


You were on level 3 of the Dungeon.
You were hungry.

You visited 1 branch of the dungeon, and saw 3 of its levels.

You collected 47 gold pieces.

Inventory:

Hand Weapons
 f - a +0 spear
 v - a +1 dagger of venom (weapon)
Missiles
 r - 7 javelins (quivered)
Armour
 a - a +0 robe (worn)
 b - a +0 hat (worn)
 j - a +0 cloak (worn)
Jewellery
 o - a ring of protection from fire (left hand)
Scrolls
 c - a scroll of fog {unknown}
 m - a scroll of remove curse
 n - a scroll of identify {unknown}
 p - a scroll of fear {unknown}
 s - a scroll of immolation {unknown}
Potions
 h - a potion of degeneration
 k - a potion of flight {unknown}
 q - a potion of ambrosia {unknown}
Comestibles
 d - 6 rations


   Skills:
 * Level 1.2 Fighting
 * Level 0.2 Short Blades
 + Level 2.6 Dodging
 - Level 1.7 Stealth
 + Level 3.9 Spellcasting
 * Level 2.0 Conjurations
   Level 1.2 Summonings
 + Level 1.1 Translocations
 * Level 0.2 Air Magic
 * Level 0.5 Poison Magic


You had 3 spell levels left.
You knew the following spells:

 Your Spells              Type           Power        Failure   Level  Hunger
a - Magic Dart            Conj           ###.         7%          1    None
b - Blink                 Tloc           N/A          16%         2    None
c - Mephitic Cloud        Conj/Pois/Air  #.......     32%         3    None

Your spell library contained the following spells:

 Spells                   Type           Power        Failure   Level  Hunger
 Call Imp                 Summ           ##......     14%         2    None
 Slow                     Hex            #.......     24%         2    None
 Conjure Flame            Conj/Fire      ##......     30%         3    None


Dungeon Overview and Level Annotations

Branches:
Dungeon (3/15)

Altars:

Annotations:
D:2 Robin
D:3 Jessica


Innate Abilities, Weirdness & Mutations

You can be seen from farther away. (+LOS)
You can swim through water.
You cover ground slowly.
You can hop short distances.


Message History

Okay, then.
Hop to where?
Press: ? - help, Dir - move target cursor Boing!
The orc is engulfed in noxious fumes.
The orc appears confused.
The orc priest is engulfed in noxious fumes.
The orc priest appears confused.
The orc priest is engulfed in noxious fumes.
The orc priest appears confused.
Jessica the Apprentice Sorceress comes into view.
She is wielding a +3 dagger.
An adder comes into view.
A ball python comes into view.
The orc hits you with a +0 club.
* * * LOW HITPOINT WARNING * * *
There is a stone staircase leading up here.
Okay, then.
It was a potion of berserk rage.
A red film seems to cover your vision as you go berserk!
You feel yourself moving faster!
You feel mighty!
The adder hisses angrily.
The adder misses you. The adder bites you.
You die...

................
...........@......#
...........$......#
..^............>..#
..........°.......# ..
.g.....#!.........###...
.........o°...r.........
...........oo.S?........
............o.o@...#
.........#..l.S...?#
w......##).(..####....#
...... #...#.# ....S
..... #.S.(.# #### #.##
.....### # ##..#..
#..##... ...# #...


You could see an orc priest (confused), 3 adders, Jessica, 4 orcs, a leopard
gecko, a ball python and a rat.

Vanquished Creatures
  An adder (D:2)
  A worm (D:2)
  3 giant cockroaches
  13 goblins
  4 hobgoblins
  5 kobolds
  3 bats
  A frilled lizard (D:2)
  4 rats
35 creatures vanquished.

Notes
Turn   | Place    | Note
-------+----------+-------------------------------------------
     0 | D:1      | Esekla the Barachi Wizard began the quest for the Orb.
     0 | D:1      | Reached XP level 1. HP: 13/13 MP: 4/4
   455 | D:1      | Reached XP level 2. HP: 18/20 MP: 0/6
   460 | D:1      | Learned a level 2 spell: Blink
   651 | D:2      | Noticed Robin
   918 | D:2      | Reached skill level 1 in Fighting
   918 | D:2      | Reached XP level 3. HP: 14/26 MP: 0/8
  1005 | D:2      | Learned a level 3 spell: Mephitic Cloud
  1956 | D:3      | Noticed Jessica
  1956 | D:3      | HP: 1/26 [orc/+0 club (5)]
  1957 | D:3      | Slain by an adder

Illustrated notes

Levels and vault maps discovered:
D:1:      minmay_arrival_solitary_statue, layout_rooms
D:2:      layout_rooms, first_ration, uniq_robin
D:3:      minmay_general_purpose_star, layout_rooms, uniq_jessica, uniq_natasha

Skill      XL: |  1  2  3 |
---------------+----------+-----
Fighting       | 1 |  1.2
Conjurations   | 2 |  2.0
Short Blades   | |  0.2
Dodging        | |  2.6
Stealth        | |  1.7
Spellcasting   | |  3.9
Summonings     | |  1.2
Translocations | |  1.1
Air Magic      | |  0.2
Poison Magic   | |  0.5

Action                   || total
-------------------------++-------
Melee: Short sword       ||    67
       Spear             ||     1
       Dagger            ||    16
 Cast: Magic Dart        ||    58
       Mephitic Cloud    ||     1
       Blink             ||     1
 Abil: Hop               ||     3
  Use: Potion            ||     4
       Scroll            ||     1
  Eat: Chunk             ||     3
Armor: Robe              ||    23
Dodge: Dodged            ||    73
